 Dungeon Crawl Stone Soup version 0.29.1-1-gd02db6906a (webtiles) character file.

Game seed: 17941596637322554184

112 xian the Trooper (level 4, -1/49 HPs)
             Began as an Ogre Fighter on Oct 1, 2022.
             Slain by Menkaure (19 damage)
             ... on level 4 of the Dungeon.
             The game lasted 00:07:27 (2278 turns).

xian the Trooper (Ogre Fighter)                     Turns: 2278, Time: 00:07:27

Health: -1/49      AC:  3    Str: 22    XL:     4   Next: 95%
Magic:  4/4        EV:  8    Int:  6    God:
Gold:   139        SH:  7    Dex:  8    Spells: 3/3 levels left

rFire   . . .      SeeInvis .   e - +7 dagger of Indomitability {freeze, rElec rPois rN++ Int-3}
rCold   . . .      Faith    .   c - +0 kite shield
rNeg    + + .      Spirit   .   b - +0 robe
rPois   +          Reflect  .   (helmet restricted)
rElec   +          Harm     .   (no cloak)
rCorr   .          Rampage  .   (gloves unavailable)
Will    .....                   (boots unavailable)
Stlth   +.........              (no amulet)
HPRegen 0.16/turn               (no ring)
MPRegen 0.09/turn               (no ring)

@: no status effects
A: large, unfitting armour, tough skin 1
a: no special abilities


You were on level 4 of the Dungeon.
You visited 1 branch of the dungeon, and saw 5 of its levels.

You collected 139 gold pieces.

Inventory:

Hand Weapons
 e - the +7 dagger of Indomitability (weapon) {freeze, rElec rPois rN++ Int-3}
   (You found it on level 2 of the Dungeon)

   It freezes those it strikes, dealing additional cold damage.
   It can also slow down cold-blooded creatures.
   Int:       It affects your intelligence (-3).
   rElec:     It insulates you from electricity.
   rPois:     It protects you from poison.
   rN:        It greatly protects you from negative energy.
 m - a +2 antimagic war axe
Missiles
 h - 2 javelins
 i - 5 stones (quivered)
 j - 11 poisoned darts
Armour
 b - a +0 robe (worn)
 c - a +0 kite shield (worn)
Scrolls
 a - a scroll of enchant armour {unknown}
 g - 2 scrolls of enchant weapon {unknown}
 k - a scroll of vulnerability {unknown}
Potions
 d - 2 potions of might
 f - a potion of brilliance {unknown}
 l - a potion of flight {unknown}


   Skills:
 + Level 4.3 Fighting
 + Level 0.2 Short Blades
 + Level 3.4 Axes
 + Level 3.2 Dodging
 + Level 0.9 Stealth
 + Level 3.5 Shields


You had 3 spell levels left.
You didn't know any spells.
Your spell library contained the following spells:

 Spells                   Type           Power      Damage    Failure   Level
 Apportation              Tloc           0%         N/A       75%         1
 Magic Dart               Conj           0%         1d3       75%         1
 Summon Small Mammal      Summ           0%         N/A       75%         1
 Searing Ray              Conj           0%         2d4       87%         2
 Call Canine Familiar     Summ           0%         N/A       98%         3
 Summon Guardian Golem    Hex/Summ       0%         N/A       98%         3
 Fulminant Prism          Conj/Hex       0%         3d6       100%        4


Dungeon Overview and Level Annotations

Branches:
Dungeon (5/15)
 Temple: D:4-7

Altars:

Shops:
D:1 (

Annotations:
D:4 Menkaure


Innate Abilities, Weirdness & Mutations

You are too large for most types of armour.
You have tough skin. (AC +1)


Message History

You climb upwards.
Menkaure shouts!
The kobold shouts!
There is a stone staircase leading down here.
You hit the kobold. You freeze the kobold.
You kill the kobold!
Things that are here:
a +0 whip; a kobold corpse
There is a stone staircase leading down here.
Things that are here:
a +0 whip; a kobold corpse
There is a stone staircase leading down here.
You hit Menkaure.
Menkaure is lightly damaged.
Menkaure hits you!
You barely miss Menkaure.
Menkaure is lightly damaged.
You block Menkaure's attack.
You hit Menkaure. You freeze Menkaure.
Menkaure is moderately damaged.
Menkaure barely misses you.
You barely miss Menkaure.
Menkaure is moderately damaged.
Menkaure hits you.
You barely miss Menkaure.
Menkaure is moderately damaged.
You hit Menkaure.
Menkaure is heavily damaged.
A scorpion comes into view.
Menkaure barely misses you.
You barely miss Menkaure.
Menkaure is heavily damaged.
Menkaure calls on the powers of darkness!
Your body is wracked with pain!
The scorpion convulses!
You hit Menkaure but do no damage.
Menkaure is heavily damaged.
Menkaure hits you.
You hit Menkaure.
Menkaure is severely damaged.
Menkaure hits you!!
You die...

#.....#####
#.........
#........#
##........#
..........#
#.......#
#.......#
#....@).#
####M####
..s ##..
... ....
##... #...


You could see Menkaure and a scorpion.

Vanquished Creatures
  A scorpion (D:5)
  An adder (D:2)
  5 endoplasms
  2 giant cockroaches (D:1)
  5 goblins
  4 hobgoblins
  6 jackals
  3 ball pythons
  2 bats
  3 frilled lizards
  4 kobolds
  11 rats
47 creatures vanquished.

Notes
Turn   | Place    | Note
-------+----------+-------------------------------------------
     0 | D:1      | xian the Ogre Fighter began the quest for the Orb.
     0 | D:1      | Reached XP level 1. HP: 24/24 MP: 1/1
   222 | D:1      | Reached XP level 2. HP: 31/32 MP: 2/2
   438 | D:1      | Found a faded altar of an unknown god.
   509 | D:1      | Got Plato's Verses on the Map
   532 | D:1      | Reached XP level 3. HP: 34/39 MP: 3/3
   713 | D:1      | Found Muuczugo's Weapon Emporium.
  1047 | D:2      | Identified the +7 dagger of Indomitability {freeze, rElec
                  | rPois rN++ Int-3}
  2232 | D:3      | You fall into a shaft and drop 2 floors!
  2232 | D:5      | Entered Level 5 of the Dungeon
  2242 | D:5      | Noticed a scorpion
  2254 | D:5      | Killed a scorpion
  2255 | D:5      | Reached XP level 4. HP: 42/49 MP: 4/4
  2260 | D:4      | Noticed Menkaure
  2275 | D:4      | Noticed a scorpion
  2278 | D:4      | Slain by Menkaure

Illustrated notes

Levels and vault maps discovered:
D:1:      lemuel_arrival_tunnels, layout_basic,
          shapermc_ecumenical_altar_rom_forum, serial_shops, shop
D:2:      layout_loops_corners, kennysheep_generic_room_12
D:3:      layout_rooms, uniq_terence
D:4:      layout_loops_corners, elyvilon_altar_3,
          minmay_temple_entry_statues_pillars, uniq_menkaure, uniq_robin,
          uniq_grinder
D:5:      layout_cave_pools, yredelemnul_altar_generic, serial_shops, shop,
          serial_gnoll_camp, gnoll_camp_mini_doghouse, gnoll_camp_mini_hut,
          gnoll_camp_mini_house, gnoll_camp_mini_basic, serial_bayou_crossing

Skill      XL: |  1  2  3 |
---------------+----------+-----
Dodging        | 3 |  3.2
Axes           | 3 |  3.4
Fighting       | |  4.3
Short Blades   | |  0.2
Stealth        | |  0.9
Shields        | |  3.5

Action                   |  1- 3 |  4- 6 || total
-------------------------+-------+-------++-------
Melee: War axe           |    78 |       ||    78
       Dagger            |    38 |    10 ||    48
Throw: Stone             |     4 |       ||     4
  Use: Scroll            |     2 |       ||     2
Armor: Robe              |    46 |       ||    46
Dodge: Dodged            |    46 |     2 ||    48
Block: Kite shield       |    48 |     1 ||    49
